details: 'noob.bird.ud.'

« prev index next »

General information

Mini Map

Players

team 1
NightElfGundamPilot (yellow | 116 APM | 2840 actions | 24:34)
Hero icon 5 Demon Hunter
Ability icon 3 Mana Burn
Ability icon 2 Evasion
Hero icon 6 Pandaren Brewmaster
Ability icon 3 Breath of Fire
Ability icon 2 Drunken Haze
Ability icon 1 Storm Earth and Fire

» actions
Assign group hotkey24
Basic commands151
Build / train80
ESC pressed2
Enter build submenu16
Enter hero's abilities submenu12
Give item / drop item5
Right click1219
Select / deselect738
Select group hotkey468
Use ability123
2840 total
» units
Wisp29
Archer5
Druid of the Claw5
Dryad5
Hippogryph4
48 total
» upgrades
Druid of the Claw Training2
Abolish Magic1
Strength of the Wild3
Mark of the Claw1
Reinforced Hides3
Well Spring1
Ultravision1
12 total
» buildings
Altar of Elders1
Moon Well5
Ancient of War1
Tree of Ages1
Hunter's Hall1
Ancient of Lore2
Ancient of Wonders1
Tree of Eternity1
Tree of Life3
Ancient of Wind1
Chimaera Roost1
18 total
» build order
00:03 Altar of Elders
00:05 Moon Well
01:13 Ancient of War
01:28 Moon Well
02:41 Tree of Ages
03:17 Hunter's Hall
03:41 Moon Well
05:08 Ancient of Lore
05:11 Ancient of Lore
05:25 Ancient of Wonders
06:14 Tree of Eternity
07:07 Moon Well
10:48 Moon Well
11:52 Tree of Life
18:30 Ancient of Wind
20:17 Tree of Life
20:21 Tree of Life
22:30 Chimaera Roost
» items
Staff of Preservation1
Orb of Venom1
Potion of Lesser Invulnerability1
Scroll of Healing1
Scroll of Town Portal1
5 total
team 2
UndeadDuppy (orange | 49 APM | 1210 actions | 24:33)
Hero icon 4 Crypt Lord
Ability icon 2 Carrion Beetles
Ability icon 2 Spiked Carapace
Hero icon 3 Death Knight
Ability icon 2 Death Coil
Ability icon 1 Unholy Aura

» actions
Assign group hotkey40
Basic commands110
Build / train56
Enter build submenu22
Enter hero's abilities submenu8
Give item / drop item5
Right click258
Select / deselect344
Select group hotkey301
Use ability66
1210 total
» units
Acolyte3
Ghoul3
Crypt Fiend8
Obsidian Statue6
Abomination3
23 total
» upgrades
Creature Attack1
Burrow1
Web1
Destroyer Form1
Unholy Armor1
Disease Cloud1
6 total
» buildings
Crypt1
Graveyard1
Ziggurat11
Altar of Darkness1
Nerubian Tower1
Tomb of Relics1
Spirit Tower5
Halls of the Dead1
Slaughterhouse2
Black Citadel1
25 total
» build order
00:33 Crypt
00:35 Graveyard
00:45 Ziggurat
01:07 Altar of Darkness
01:19 Ziggurat
01:42 Nerubian Tower
01:53 Tomb of Relics
03:56 Spirit Tower
05:02 Halls of the Dead
05:09 Ziggurat
05:45 Ziggurat
06:23 Ziggurat
07:21 Spirit Tower
09:22 Slaughterhouse
09:26 Slaughterhouse
10:30 Black Citadel
16:27 Ziggurat
16:31 Ziggurat
19:49 Ziggurat
20:16 Ziggurat
20:40 Spirit Tower
20:57 Ziggurat
21:31 Spirit Tower
23:42 Spirit Tower
23:57 Ziggurat
» items
Rod of Necromancy2
Dust of Appearance1
Scroll of Town Portal3
Orb of Corruption1
Potion of Healing1
Potion of Lesser Invulnerability1
Sacrificial Skull1
10 total

Chat log


(02:24 / All) Duppy: thx